 Dungeon Crawl Stone Soup version 0.31-a0-1-g4198be8af4 (webtiles) character file.

Game seed: 15092801553578378033

613 qeuew the Sneak (level 7, 0/35 HPs)
             Began as a Spriggan Hunter on May 1, 2023.
             Slain by a gnoll bouda
             ... wielding a +0 trident
              (10 damage)
             ... on level 5 of the Dungeon.
             The game lasted 00:04:25 (4013 turns).

qeuew the Sneak (Spriggan Hunter)                   Turns: 4013, Time: 00:04:25

Health: 0/35       AC:  2    Str:  7    XL:     7   Next: 20%
Magic:  8/8        EV: 19    Int: 11    God:
Gold:   181        SH:  0    Dex: 20    Spells: 6/6 levels left

rFire   + . .        a - +0 shortbow
rCold   . . .        (shield currently unavailable)
rNeg    . . .        c - +0 robe
rPois   .            (helmet restricted)
rElec   .            (no cloak)
rCorr   .            (gloves unavailable)
SInv    +            (boots unavailable)
Will    +....        (no amulet)
Stlth   ++++         (no ring)
HPRegen 0.25/turn    (no ring)
MPRegen 0.11/turn

%: no passive effects
@: hasted, invisible, very quick
A: very small, no large weapons, unfitting armour, see invisible, speed 3, fire
resistance 1, wild magic 1
a: no special abilities


You were on level 5 of the Dungeon.
You visited 1 branch of the dungeon, and saw 5 of its levels.

You collected 181 gold pieces.

Inventory:

Hand Weapons
 a - a +0 shortbow (weapon)
 h - a +0 dagger of holy wrath
Armour
 c - a +0 robe (worn)
Wands
 d - a wand of roots (7)
 g - a wand of flame (17)
Scrolls
 b - 2 scrolls of identify
 k - a scroll of teleportation
Potions
 l - a potion of brilliance


   Skills:
 + Level 2.6 Fighting
 + Level 2.6 Short Blades
 * Level 5.6 Ranged Weapons
 + Level 4.5 Dodging
 * Level 6.3 Stealth
 + Level 2.7 Evocations


You had 6 spell levels left.
You didn't know any spells.
Your spell library contained the following spells:

 Spells                   Type           Power      Damage    Failure   Level
 Tukima's Dance           Hex            0%         N/A       78%         3
 Passage of Golubria      Tloc           0%         N/A       99%         4
 Yara's Violent Unravell  Hex/Tmut       0%         3d3       100%        5


Dungeon Overview and Level Annotations

Branches:
Dungeon (5/15)
 Temple: D:4-7

Altars:

Shops:
D:4 (   D:5 *

Annotations:
D:5 Sigmund


Innate Abilities, Weirdness & Mutations

You are very small and have problems with some larger weapons.
You are too small for most types of armour.
You have supernaturally acute eyesight. (SInv)
You cover ground extremely quickly. (Speed+++)
Your flesh is heat resistant. (rF+)
Your spells are a little harder to cast, but a little more powerful.


Message History

A gnoll comes into view. It is wielding a +0 flail.
Fire: a) +0 shortbow
Press: ? - help, Q - select action, (/) - cycle Shift-Dir - straight line, f/p - Sigmund
Aim: Sigmund, wielding a +0 scythe and wearing a +0 robe (severely wounded, slightly transparent, unable to see you, 62% to hit)
You shoot an arrow. The gnoll shouts!
The arrow hits the gnoll bouda!
The gnoll bouda is heavily wounded.
The gnoll bouda misses you.
Unknown command.
Fire: a) +0 shortbow
Press: ? - help, Q - select action, (/) - cycle Shift-Dir - straight line, f/p - Sigmund
Aim: Sigmund, wielding a +0 scythe and wearing a +0 robe (severely wounded, slightly transparent, unable to see you, 62% to hit)
You shoot an arrow.
The arrow hits the gnoll bouda but does no damage.
The gnoll bouda is heavily wounded.
Fire: a) +0 shortbow
Press: ? - help, Q - select action, (/) - cycle Shift-Dir - straight line, f/p - Sigmund
Aim: Sigmund, wielding a +0 scythe and wearing a +0 robe (severely wounded, slightly transparent, unable to see you, 62% to hit)
You shoot an arrow. The arrow hits the gnoll bouda.
The gnoll bouda is heavily wounded.
The gnoll bouda barks out a call to the hunt!
The gnolls pick up the pace!
Fire: a) +0 shortbow
Press: ? - help, Q - select action, (/) - cycle Shift-Dir - straight line, f/p - Sigmund
Aim: Sigmund, wielding a +0 scythe and wearing a +0 robe (severely wounded, slightly transparent, unable to see you, 62% to hit)
You shoot an arrow.
The arrow barely misses the gnoll bouda.
The arrow hits Sigmund.
Sigmund is almost dead.
The gnoll bouda barely misses you.
Fire: a) +0 shortbow
Press: ? - help, Q - select action, (/) - cycle Shift-Dir - straight line, f/p - Sigmund
Aim: Sigmund, wielding a +0 scythe and wearing a +0 robe (almost dead, slightly transparent, unable to see you, 62% to hit)
You shoot an arrow.
The arrow barely misses the gnoll bouda.
The arrow hits Sigmund.
Sigmund is almost dead.
The gnoll bouda hits you from afar with a +0 trident!
You die...

# ### .. ###..
#.##.g. #.....#######
#@gg..†∩.#
###g#####...... ###
#.....# ..... #..
#@....###. .#.. #.#
#.......... # . #.#
##.....#.... ##<#
##........##. #..#
##.))#####...
######)######..###
.##
#..........##..######
#
#....................
#>....>.......######.


You could see Sigmund (wandering, invisible, unable to see you), a gnoll bouda
(unable to see you) and 3 gnolls.

Vanquished Creatures
  An ogre (D:5)
  2 hounds
  3 orc priests (D:4)
  2 jellies
  2 iguanas
  Ijyb (D:5)
  2 orc wizards
  3 gnolls (D:4)
  9 adders
  A worm (D:3)
  2 dart slugs
  12 orcs
  7 ball pythons
  8 endoplasms
  2 giant cockroaches
  A goblin (D:1)
  3 hobgoblins
  3 jackals (D:5)
  3 kobolds
  3 quokkas
  3 bats
  A frilled lizard (D:2)
  6 rats
80 creatures vanquished.

Vanquished Creatures (collateral kills)
  An orc (D:4)
  A ball python (D:4)
2 creatures vanquished.

Grand Total: 82 creatures vanquished

Notes
Turn   | Place    | Note
-------+----------+-------------------------------------------
     0 | D:1      | qeuew the Spriggan Hunter began the quest for the Orb.
     0 | D:1      | Reached XP level 1. HP: 10/10 MP: 2/2
   210 | D:1      | Reached skill level 2 in Stealth
   309 | D:1      | Reached XP level 2. HP: 15/15 MP: 3/3
   525 | D:1      | You fall into a shaft and drop 1 floor!
  1089 | D:2      | Reached skill level 3 in Stealth
  1089 | D:2      | Reached XP level 3. HP: 18/18 MP: 4/4
  1372 | D:2      | Found a faded altar of an unknown god.
  1563 | D:2      | Reached skill level 1 in Short Blades
  1688 | D:3      | Reached XP level 4. HP: 23/23 MP: 5/5
  1799 | D:3      | Reached skill level 4 in Stealth
  1799 | D:3      | Reached skill level 1 in Evocations
  1813 | D:3      | Reached XP level 5. HP: 24/26 MP: 6/6
  2422 | D:3      | Gained mutation: Your spells are a little harder to cast,
                  | but a little more powerful. [potion of mutation]
  2422 | D:3      | Gained mutation: Your flesh is heat resistant. (rF+)
                  | [potion of mutation]
  2624 | D:4      | Reached skill level 5 in Ranged Weapons
  2624 | D:4      | Reached skill level 5 in Stealth
  2635 | D:4      | Reached XP level 6. HP: 25/30 MP: 7/7
  3370 | D:4      | Found Viekit's Weapon Shoppe.
  3840 | D:5      | Entered Level 5 of the Dungeon
  3842 | D:5      | Noticed Ijyb
  3857 | D:5      | Killed Ijyb
  3958 | D:5      | Reached skill level 6 in Stealth
  3958 | D:5      | Reached XP level 7. HP: 35/35 MP: 8/8
  3973 | D:5      | Found Eschik's General Store.
  3978 | D:5      | Noticed Sigmund
  4013 | D:5      | Slain by a gnoll bouda

Illustrated notes

Levels and vault maps discovered:
D:1:      heliophobic_arrival_ceremonial_halls, layout_loops_corners
D:2:      layout_loops_ring, shapermc_ecumenical_altar_notcrosses, minivault_26
D:3:      layout_basic
D:4:      layout_basic, serial_shops, shop, guppyfry_early_lair_pool
D:5:      layout_rooms, kennysheep_mini, xom_butterflies, serial_shops, shop,
          uniq_ijyb, uniq_sigmund

Skill      XL: |  1  2  3  4  5  6 |
---------------+-------------------+-----
Stealth        | 2 3 4 5 6 |  6.3
Dodging        | 3 4 |  4.5
Short Blades   | 1 2 |  2.6
Fighting       | 2 |  2.6
Evocations     | 1 2 |  2.7
Ranged Weapons | 5 |  5.6

Action                     |  1- 3 |  4- 6 |  7- 9 || total
---------------------------+-------+-------+-------++-------
  Melee: Dagger            |     2 |       |       ||     2
   Fire: Shortbow          |    68 |   163 |    33 ||   264
    Use: Scroll            |     5 |     2 |       ||     7
         Potion            |     2 |     4 |     3 ||     9
 Armour: Robe              |     2 |     8 |     1 ||    11
  Dodge: Dodged            |    11 |    78 |    20 ||   109

Table legend: (Time is in decaauts)
 A = Elapsed time spent in this place.
 B = Non-inter-level travel time spent in this place.
 C = Inter-level travel time spent in this place.
 D = Time resting spent in this place.
 E = Time spent auto-exploring this place.
 F = Levels seen in this place.
 G = Mean time per level.
                   A        B        C        D        E       F      G
               +--------+--------+--------+--------+--------+-----+--------+
         Total |   2756 |   2669 |     87 |     22 |   2177 |   5 |  551.2 |
       Dungeon |   2756 |   2669 |     87 |     22 |   2177 |   5 |  551.2 |
               +--------+--------+--------+--------+--------+-----+--------+

Top non-repeatable levels by time:
     D:4: 930 daAuts
     D:3: 600 daAuts
     D:1: 578 daAuts
     D:2: 485 daAuts
     D:5: 162 daAuts
